Map: Pillars of Gold LE

Players

Yoger

  • Race: Zerg Zerg
  • Spawn Location: 7:00

黑羽快斗 (ButAlways) - Winner!

  • Race: Protoss Protoss
  • League: Grandmaster
  • Spawn Location: 1:00

Event: DreamHack SC2 Masters 2020 Fall

VOD

Have the link to the VOD?

Description

Time

  • Played on: Aug. 28, 2020, 9:44 a.m.
  • Length: 10:58

All games in this series

Show
View Real Time Build Order
Export as new Build Order

Yoger Zerg 

Build Orders: Hatch First 

Get SALT Encoding   

  12  0:00  Drone  
  13  0:12  Overlord  
  13  0:17  Drone  
  14  0:32  Drone x2  
  16  0:52  Drone  
  17  0:57  Drone  
  17  1:00  Drone, Hatchery  
  18  1:05  Extractor  
  17  1:21  Drone, Spawning Pool  
  17  1:23  Drone  
  18  1:29  Drone  
  19  1:41  Overlord  
  19  1:51  Drone  
  20  2:07  Metabolic Boost, Queen  
  22  2:09  Zergling x2  
  22  2:11  Queen  
  22  2:13  Zergling x2  
  26  2:17  Drone  
  26  2:22  Drone  
  28  2:23  Drone  
  29  2:35  Drone x2  
  31  2:45  Hatchery  
  31  2:50  Zergling x2  
  31  2:55  Drone  
  31  2:58  Overlord  
  32  3:00  Drone  
  32  3:05  Drone  
  34  3:07  Drone  
  35  3:14  Queen, Spore Crawler  
  35  3:19  Spore Crawler  
  35  3:22  Drone, Spore Crawler  
  35  3:26  Drone  
  39  3:28  Drone x2  
  39  3:30  Overlord  
  39  3:33  Drone  
  42  3:36  Drone  
  42  3:43  Drone, Spore Crawler  
  42  3:48  Drone x2  
  40  3:55  Lair  
  39  3:58  Drone x2  
  39  4:00  Drone  
  42  4:03  Drone  
  42  4:05  Extractor  
  42  4:07  Spore Crawler  
  42  4:08  Drone  
  41  4:10  Drone  
  41  4:13  Drone  
  41  4:14  Drone  
  44  4:21  Drone x2  
  42  4:27  Drone  
  42  4:28  Drone  
  43  4:32  Drone x2  
  43  4:35  Drone  
  46  4:40  Roach Warren  
  46  4:41  Drone  
  46  4:44  Drone  
  47  4:49  Drone x2  
  49  4:57  Overlord x2  
  49  5:00  Overlord  
  49  5:03  Overlord  
  49  5:08  Overlord  
  49  5:14  Drone  
  50  5:16  Drone  
  50  5:18  Drone x7  
  58  5:25  Roach x2  
  58  5:27  Glial Reconstitution  
  62  5:32  Drone x2, Evolution Chamber  
  60  5:36  Roach  
  60  5:37  Roach  
  61  5:43  Queen  
  61  5:46  Roach x2  
  61  5:47  Roach  
  69  5:52  Drone x4  
  69  5:55  Drone x2  
  75  5:57  Zerg Missile Weapons Level 1  
  75  6:01  Drone x2  
  77  6:06  Roach x3  
  77  6:09  Roach x2  
  87  6:12  Overlord  
  87  6:14  Extractor  
  87  6:16  Overlord  
  87  6:17  Extractor  
  85  6:20  Overlord  
  85  6:31  Roach  
  85  6:32  Roach x5  
  97  6:37  Roach x3  
  89  6:53  Roach x5  
  91  7:03  Roach  
  87  7:12  Roach  
  87  7:13  Queen  
  91  7:17  Drone  
  91  7:18  Drone x2  
  91  7:19  Zergling x14  
  101  7:29  Zergling x4  
  104  7:30  Zergling x4  
  104  7:36  Ravager  
  106  7:37  Ravager  
  106  7:38  Ravager  
  106  7:41  Zergling x8  
  108  7:47  Ravager x2  
  108  7:48  Ravager  
  108  7:50  Queen  
  110  7:52  Zergling x4  
  110  7:53  Zergling x2  
  110  7:54  Overlord x3  
  110  7:57  Extractor, Roach x2  
  111  7:58  Extractor  
  110  8:06  Roach  
  110  8:08  Overlord  
  110  8:09  Overlord  
  113  8:14  Ravager x3  
  113  8:17  Roach x6  
  113  8:19  Ravager  
  127  8:26  Roach x3  
  133  8:32  Roach x3  
  138  8:36  Overlord  
  120  8:49  Roach x2, Zergling x2  
  120  8:50  Zergling x4  
  120  8:55  Roach x4  
  119  9:01  Roach  
  107  9:08  Ravager x2  
  107  9:09  Roach x2, Zergling x2  
  112  9:10  Zergling x4  
  112  9:13  Roach  
  111  9:21  Roach x2  
  103  9:28  Roach x2  
  94  9:36  Roach x3  
  88  9:42  Roach, Zergling x2  
  88  9:43  Zergling x2  
  90  9:51  Ravager  
  90  9:52  Ravager  
  92  9:53  Roach  
  92  9:55  Queen, Zergling x2  
  92  9:56  Queen  
  92  10:09  Roach, Zergling x4  
  92  10:13  Roach, Zergling x4  
  83  10:14  Ravager  
  83  10:21  Roach x2  
  87  10:27  Ravager  
  85  10:29  Roach  
  85  10:30  Roach  
Show
View Real Time Build Order
Export as new Build Order

黑羽快斗 Protoss - Winner!

Build Orders: 1 Gate Expand, Oracle Opening, Zealot Archon, Archon Drop 

Get SALT Encoding   

  12  0:00  Probe  
  13  0:12  Probe  
  14  0:19  Pylon  
  14  0:24  Probe  
  15  0:37  Probe (Chrono Boost)  
  15  0:40  Gateway  
  16  0:46  Probe (Chrono Boost)  
  17  0:51  Probe (Chrono Boost)  
  17  0:54  Assimilator  
  18  1:03  Probe  
  19  1:15  Probe  
  20  1:27  Nexus  
  20  1:38  Cybernetics Core  
  20  1:42  Probe  
  21  1:50  Assimilator  
  21  1:54  Probe  
  21  2:01  Pylon  
  22  2:06  Probe  
  23  2:16  Adept (Chrono Boost)  
  23  2:21  Stargate  
  23  2:22  Probe  
  26  2:29  Warp Gate  
  26  2:37  Probe (Chrono Boost)  
  27  2:38  Adept  
  27  2:41  Probe (Chrono Boost)  
  30  2:51  Probe x2 (Chrono Boost)  
  32  2:55  Probe (Chrono Boost)  
  33  2:59  Probe  
  33  3:04  Oracle (Chrono Boost)  
  34  3:07  Probe  
  34  3:11  Probe  
  39  3:19  Probe  
  40  3:26  Gateway  
  40  3:29  Probe  
  40  3:31  Oracle (Chrono Boost), Probe  
  45  3:35  Pylon  
  45  3:38  Pylon  
  45  3:41  Probe  
  46  3:53  Probe (Chrono Boost)  
  46  3:55  Twilight Council  
  48  3:57  Assimilator  
  48  3:59  Probe (Chrono Boost)  
  48  4:00  Pylon  
  48  4:01  Assimilator  
  49  4:03  Probe (Chrono Boost)  
  49  4:07  Probe (Chrono Boost)  
  49  4:09  Robotics Facility  
  50  4:13  Probe  
  51  4:18  Probe  
  52  4:27  Probe, Charge (Chrono Boost)  
  52  4:29  Stalker  
  52  4:30  Probe  
  56  4:42  Gateway  
  56  4:43  Gateway  
  56  4:44  Probe  
  57  4:55  Zealot  
  57  4:56  Nexus  
  57  4:58  Pylon  
  59  5:03  Warp Prism (Chrono Boost)  
  61  5:14  Templar Archives  
  61  5:20  Gateway  
  61  5:30  Gateway  
  61  5:32  Observer  
  62  5:39  Shield Battery  
  62  5:51  Gateway  
  62  5:54  Gateway  
  62  5:56  High Templar x3  
  62  5:57  High Templar, Pylon  
  70  6:01  Archon, Pylon  
  70  6:02  Archon  
  70  6:09  Immortal (Chrono Boost)  
  70  6:13  Probe x2  
  70  6:14  Probe  
  77  6:25  Probe  
  78  6:28  Zealot x2  
  78  6:29  Zealot x4  
  88  6:41  Immortal (Chrono Boost)  
  92  6:49  Zealot  
  92  6:50  Zealot x3  
  92  6:52  Zealot x2  
  74  7:08  Sentry x2  
  74  7:09  Sentry  
  74  7:10  Sentry x2  
  74  7:13  Warp Prism (Chrono Boost)  
  74  7:14  Zealot x2  
  74  7:15  Probe x2  
  89  7:17  Probe  
  91  7:29  Pylon  
  91  7:35  Immortal (Chrono Boost)  
  91  7:36  Zealot x3  
  98  7:45  Shield Battery  
  98  7:47  High Templar x2  
  98  7:48  Zealot  
  104  7:51  Archon  
  104  7:54  Zealot x2  
  108  7:58  Pylon  
  108  8:02  Pylon  
  108  8:04  Probe  
  109  8:08  Pylon  
  109  8:17  High Templar x2  
  109  8:18  Zealot x2  
  117  8:22  Zealot, Pylon  
  117  8:23  Zealot, Pylon  
  117  8:24  Archon  
  117  8:25  Zealot x2  
  123  8:32  Probe x3  
  122  8:45  Zealot x5  
  113  8:51  Zealot x2  
  104  8:57  Zealot  
  92  9:06  Zealot x4  
  98  9:16  Pylon  
  98  9:17  Sentry x3  
  98  9:19  Pylon  
  104  9:29  Zealot x3  
  96  9:40  High Templar x4  
  96  9:41  Sentry  
  96  9:44  Archon  
  96  9:45  Archon  
  106  9:52  Zealot x3  
  101  10:07  Zealot x3, Sentry  
  101  10:13  Zealot x2  
  101  10:16  Sentry x2  
  99  10:26  Sentry x2  
  99  10:29  Zealot  
  95  10:36  Zealot x3  

Tags
 
Add a new tag
Caveats
  • Supply blocks, unpowered buildings, or Contaminate may cause inaccurate times.
  • Supply counts are checked every 10 seconds.